 Dungeon Crawl Stone Soup version 0.30-a0-723-gc1506a1cf0 (webtiles) character file.

Game seed: 11201584569961125379

14420 browni3141 the Grappler (level 11, 0/113 HPs)
             Began as a Troll Berserker on Jan 28, 2023.
             Was a High Priest of Trog.
             Slain by a harpy simulacrum (7 damage)
             ... on level 12 of the Dungeon.
             The game lasted 00:14:56 (8968 turns).

browni3141 the Grappler (Troll Berserker)           Turns: 8968, Time: 00:14:57

Health: 0/113      AC:  6    Str: 30      XL:     11   Next: 88%
Magic:  10/10      EV: 11    Int:  6 (7)  God:    Trog [*****.]
Gold:   111        SH:  5    Dex:  8      Spells: 10/10 levels left

rFire   x x .      SeeInvis .      - Unarmed
rCold   + + .      Faith    .    (no shield)
rNeg    . . .      Spirit   .    D - +0 troll leather armour
rPois   .          Reflect  +    (helmet restricted)
rElec   .          Harm     .    n - scarf {shadows}
rCorr   .          Rampage  .    (gloves unavailable)
Will    .....                    (boots unavailable)
Stlth   +                        E - amulet of reflection
HPRegen 1.98/turn                j - ring of ice
MPRegen 0.12/turn                v - ring of ice

@: no status effects
A: large, unfitting armour, claws 3, regeneration 1, shaggy fur 1, tough skin 1,
clever 1
a: Renounce Religion, Berserk, Trog's Hand, Brothers in Arms


You were on level 12 of the Dungeon.
You worshipped Trog.
Trog was extremely pleased with you.
You visited 1 branch of the dungeon, and saw 12 of its levels.
You also visited: Sewer.

You collected 791 gold pieces.
You spent 680 gold pieces at shops.

Inventory:

Missiles
 b - 2 curare-tipped darts (quivered)
 k - 11 boomerangs
 o - 12 poisoned darts
 I - 2 boomerangs of dispersal
Armour
 a - a +0 animal skin
 n - a scarf of shadows (worn)
 D - a +0 troll leather armour (worn)
 G - a +2 robe of cold resistance
Jewellery
 h - an amulet of magic regeneration
 j - a ring of ice (left claw)
 l - a ring of fire
 r - a ring of resist corrosion
 v - a ring of ice (right claw)
 x - a +4 ring of protection
 C - a ring of fire
 E - an amulet of reflection (around neck)
 F - a ring of ice
 H - a +6 ring of intelligence
Wands
 p - a wand of flame (4)
 y - a wand of mindburst (20)
 B - a wand of digging (5)
Potions
 c - a potion of berserk rage {unknown}
 d - 3 potions of haste
 e - 4 potions of might
 f - 2 potions of mutation
 g - 3 potions of degeneration
 m - a potion of ambrosia
 q - a potion of lignification {unknown}
 s - a potion of invisibility {unknown}
 t - a potion of resistance
 u - 3 potions of attraction
 w - a potion of flight {unknown}
 z - 2 potions of curing
 A - a potion of cancellation {unknown}


   Skills:
 + Level 8.6 Fighting
 + Level 8.6 Dodging
 - Level 1.0 Stealth
 * Level 13.9 Unarmed Combat


You had 10 spell levels left.
You didn't know any spells.
Your spell library was empty.

Dungeon Overview and Level Annotations

Branches:
Dungeon (11/15)            Temple (0/1) D:6            Lair (0/5) D:10
    Orc (0/2) D:12          Sewer (visited)

Altars:
Elyvilon
Fedhas
Gozag
Hepliaklqana
Kikubaaqudgha
Nemelex Xobeh
Okawaru
Ru
Uskayaw
Vehumet
Yredelemnul
Zin

Shops:
D:1 [   D:11 =**

Annotations:
D:12 2 runed translucent doors


Innate Abilities, Weirdness & Mutations

You are too large for most types of armour.
You have claws for hands.
Your natural rate of healing is unusually fast.
You are covered in fur. (AC +1)
You have tough skin. (AC +1)
Your mind is acute. (Int +4, Str/Dex -1)


Message History

v - a ring of ice (right claw)
The harpy simulacrum closely misses you.
The harpy simulacrum claws you.
* * * LOW HITPOINT WARNING * * *
The harpy simulacrum freezes you. You resist.
* * * LOW HITPOINT WARNING * * *
Aiming: Mindburst
Press: ? - help, Shift-Dir - straight line, f - you
Okay, then.
Unknown command.
Unknown command.
You feel much better.
You block the harpy simulacrum's attack.
The harpy simulacrum claws you.
* * * LOW HITPOINT WARNING * * *
The harpy simulacrum freezes you. You resist.
* * * LOW HITPOINT WARNING * * *
The harpy simulacrum closely misses you. x2
You feel much better.
The harpy simulacrum completely misses you.
The harpy simulacrum claws you.
* * * LOW HITPOINT WARNING * * *
The harpy simulacrum freezes you. You resist.
* * * LOW HITPOINT WARNING * * *
The harpy simulacrum claws you.
* * * LOW HITPOINT WARNING * * *
The harpy simulacrum freezes you. You resist.
* * * LOW HITPOINT WARNING * * *
The harpy simulacrum misses you.
You feel much better. The harpy simulacrum claws you!
* * * LOW HITPOINT WARNING * * *
The harpy simulacrum freezes you. You resist.
* * * LOW HITPOINT WARNING * * *
You block the harpy simulacrum's attack.
The harpy simulacrum claws you.
* * * LOW HITPOINT WARNING * * *
The harpy simulacrum freezes you. You resist.
* * * LOW HITPOINT WARNING * * *
The harpy simulacrum claws you!
You die...

.........................#
.........................#
.........................#
.........................#
..#+##...##+#.....[......#
..#.. ... #......#....#
#.....###...# #....##
##..# #..@## ##.# #...Z.#
.# #......# # #........#
#.......... #...........
#...........


You could see a harpy simulacrum.

Vanquished Creatures
  Josephine (D:10)
  Fannar (D:10)
  A boulder beetle (D:12)
  2 two-headed ogres
  Nergalle (D:12)
  An ugly thing (D:11)
  2 manticores
  Maurice (D:9)
  A rime drake (D:10)
  A kobold demonologist (D:10)
  3 trolls
  9 yaks
  A shadow (D:10)
  A vampire (D:11)
  3 wraiths (D:10)
  4 wyverns
  Eustachio (D:4)
  A warg (D:12)
  3 acid dragons
  A water moccasin (D:6)
  A black bear (D:4)
  3 orc warriors
  A sky beast (D:6)
  6 ice beasts
  2 wolves (D:10)
  2 ogres
  4 centaurs
  3 phantoms (D:5)
  3 kobold brigands
  3 bullfrogs
  2 gnoll sergeants
  A necrophage (D:5)
  3 scorpions
  10 wights
  11 killer bees
  5 electric eels (D:10)
  7 jellies
  4 orc priests
  6 iguanas
  7 orc wizards
  11 gnolls
  16 adders
  2 river rats (Sewer)
  3 white imps
  An ufetubus (D:4)
  4 worms
  2 dart slugs
  30 orcs
  6 ball pythons
  12 endoplasms
  7 giant cockroaches
  9 goblins
  6 hobgoblins
  4 jackals (D:4)
  6 quokkas
  6 bats
  10 frilled lizards
  14 kobolds
  7 rats
  A spectral kobold (D:3)
280 creatures vanquished.

Vanquished Creatures (collateral kills)
  An ice beast (D:10)
1 creature vanquished.

Vanquished Creatures (others)
  5 plants (D:6)
5 creatures vanquished.

Grand Total: 286 creatures vanquished

Notes
Turn   | Place    | Note
-------+----------+-------------------------------------------
     0 | D:1      | browni3141 the Troll Berserker began the quest for the Orb.
     0 | D:1      | Reached XP level 1. HP: 22/22 MP: 0/0
    63 | D:1      | Reached skill level 1 in Stealth
    63 | D:1      | Reached XP level 2. HP: 25/29 MP: 1/1
   141 | D:1      | Found Yfecheuck's Armour Shop.
   683 | D:2      | Reached ** piety under Trog
   684 | D:2      | Reached XP level 3. HP: 36/36 MP: 2/2
   772 | D:2      | Reached XP level 4. HP: 44/44 MP: 3/3
   866 | D:2      | Noticed a shining eye
   868 | D:2      | Found a faded altar of an unknown god.
   869 | D:2      | Noticed a floating eye
   869 | D:2      | Noticed a golden eye
   869 | D:2      | Noticed a great orb of eyes
   877 | D:2      | Reached skill level 4 in Unarmed Combat
  1810 | D:3      | Found a hazy altar of Hepliaklqana.
  1859 | D:4      | Reached XP level 5. HP: 45/53 MP: 4/4
  1903 | D:4      | Found a basalt altar of Yredelemnul.
  1972 | D:4      | Noticed a black bear
  1979 | D:4      | Killed a black bear
  1980 | D:4      | Reached skill level 5 in Unarmed Combat
  1980 | D:4      | Reached XP level 6. HP: 61/61 MP: 5/5
  2094 | D:4      | Noticed Eustachio
  2147 | D:4      | Killed Eustachio
  2261 | D:4      | Reached XP level 7. HP: 48/68 MP: 6/6
  2291 | D:4      | Found a large runed translucent door.
  2292 | D:4      | Found a large runed translucent door.
  2575 | D:4      | Reached skill level 6 in Unarmed Combat
  2581 | D:4      | Found a glowing silver altar of Zin.
  2589 | D:4      | Found a white marble altar of Elyvilon.
  2631 | D:5      | Entered Level 5 of the Dungeon
  2677 | D:5      | Found a glowing drain.
  2743 | D:5      | Reached *** piety under Trog
  2754 | Sewer    | Entered a sewer
  2922 | Sewer    | Found a viscous altar of Jiyva.
  3200 | D:5      | Reached skill level 7 in Unarmed Combat
  3250 | D:5      | Reached XP level 8. HP: 79/79 MP: 7/7
  3310 | D:5      | Found a blossoming altar of Fedhas.
  3311 | D:5      | Found an ancient bone altar of Kikubaaqudgha.
  3594 | D:6      | Reached **** piety under Trog
  3698 | D:6      | Reached skill level 5 in Dodging
  3698 | D:6      | Reached skill level 8 in Unarmed Combat
  3699 | D:6      | Reached skill level 5 in Fighting
  3751 | D:6      | Found a staircase to the Ecumenical Temple.
  3904 | D:6      | Found an opulent altar of Gozag.
  4169 | D:7      | Reached XP level 9. HP: 88/88 MP: 8/8
  4265 | D:7      | Reached skill level 9 in Unarmed Combat
  4338 | D:7      | Found a radiant altar of Vehumet.
  4811 | D:8      | Noticed a two-headed ogre
  4818 | D:8      | Killed a two-headed ogre
  4819 | D:8      | Reached skill level 10 in Unarmed Combat
  5210 | D:8      | Found a hide-covered altar of Uskayaw.
  5213 | D:8      | Found a sacrificial altar of Ru.
  5218 | D:8      | Found an iron altar of Okawaru.
  5796 | D:9      | Reached XP level 10. HP: 86/100 MP: 9/9
  6124 | D:9      | Noticed Maurice
  6135 | D:9      | Killed Maurice
  6136 | D:9      | Reached skill level 11 in Unarmed Combat
  6467 | D:9      | Found a sparkling altar of Nemelex Xobeh.
  6490 | D:9      | Reached ***** piety under Trog
  6617 | D:10     | Entered Level 10 of the Dungeon
  7033 | D:10     | Noticed Josephine
  7037 | D:10     | Noticed Fannar
  7039 | D:10     | Killed Josephine
  7040 | D:10     | Reached skill level 12 in Unarmed Combat
  7076 | D:10     | Killed Fannar
  7077 | D:10     | Reached XP level 11. HP: 86/109 MP: 10/10
  7119 | D:10     | Found a staircase to the Lair.
  7832 | D:11     | Gained mutation: Your mind is acute. (Int +4, Str/Dex -1)
                  | [potion of mutation]
  7893 | D:11     | Reached skill level 13 in Unarmed Combat
  7927 | D:11     | Noticed a cyan ugly thing
  7934 | D:11     | Killed a cyan ugly thing
  8057 | D:11     | Found Lahiuf's Assorted Antiques.
  8067 | D:11     | Bought a potion of might for 124 gold pieces
  8067 | D:11     | Bought a potion of haste for 310 gold pieces
  8067 | D:11     | Bought a potion of attraction for 93 gold pieces
  8067 | D:11     | Bought a potion of curing for 93 gold pieces
  8284 | D:11     | Found Jeexe's Jewellery Shop.
  8314 | D:11     | Found Pipumaan's General Store.
  8321 | D:11     | Bought a potion of heal wounds for 60 gold pieces
  8636 | D:11     | You fall into a shaft and drop 1 floor!
  8700 | D:12     | Noticed Nergalle
  8707 | D:12     | Killed Nergalle
  8762 | D:12     | Noticed a two-headed ogre
  8779 | D:12     | Killed a two-headed ogre
  8822 | D:12     | Found a staircase to the Orcish Mines.
  8867 | D:12     | Found a runed translucent door.
  8868 | D:12     | Noticed a boulder beetle
  8878 | D:12     | Killed a boulder beetle
  8881 | D:12     | Found a runed translucent door.
  8965 | D:12     | HP: 5/113 [harpy simulacrum (6)]
  8968 | D:12     | Slain by a harpy simulacrum

Illustrated notes

Levels and vault maps discovered:
D:1:      psy_arrival_radial01, layout_rooms, serial_shops, nicolae_shop_trees
D:2:      layout_rooms, hellmonk_ecumenical_altar_watching_god,
          kennysheep_generic_room_16
D:3:      layout_basic, nicolae_hepliaklqana_monster_ancestors
D:4:      layout_basic, jmf_multi_god_temple2, mainiacjoe_overflow_alcove_2,
          grunt_decor_fettered, uniq_eustachio
D:5:      layout_gridville, grunt_temple_overflow_growth_and_decay,
          gup_sewer_entry_glass
D:6:      layout_rooms, lemuel_coloured_pillars_altar,
          minmay_temple_entry_glassed_door, serial_glass, glass_columns_b,
          glass_columns_a, minmay_lizard_king
D:7:      layout_basic, nicolae_vehumet_radiance
D:8:      layout_gridville, grunt_temple_overflow_diamond
D:9:      layout_loops_ring, mainiacjoe_overflow_concentric_impassable,
          uniq_maurice
D:10:     layout_basic, hellmonk_lair_entry_icy, dk_rats_in_the_wall,
          uniq_fannar, uniq_josephine
D:11:     layout_gridville, serial_shops, nicolae_shop_advertising_works
          [nicolae_subvault_shop_adworks], nicolae_shop_crystal,
          nicolae_shop_overgrown_old_shop
D:12:     layout_big_octagon, david_orc_3, muffindrake_ghost_dual_entry,
          chequers_avenue, uniq_nergalle

Skill      XL: |  1  2  3  4  5  6  7  8  9 10 11 |
---------------+----------------------------------+-----
Stealth        | 1 |  1.0
Unarmed Combat | 4 5 7 8 10 12 13 | 13.9
Dodging        | 3 4 5 6 7 8 |  8.6
Fighting       | 3 4 5 6 7 8 |  8.6

Action                     |  1- 3 |  4- 6 |  7- 9 | 10-12 || total
---------------------------+-------+-------+-------+-------++-------
  Melee: Unarmed           |    90 |   116 |   325 |   265 ||   796
         Punch             |     1 |     3 |    11 |    13 ||    28
  Throw: Boomerang         |       |     6 |     5 |     7 ||    18
         Dart              |       |       |       |     2 ||     2
 Invoke: Berserk           |     1 |     2 |     8 |     8 ||    19
         Trog's Hand       |       |       |     1 |     2 ||     3
         Brothers in Arms  |       |       |       |     2 ||     2
  Evoke: Wand              |       |       |     6 |     7 ||    13
    Use: Potion            |       |       |       |    12 ||    12
   Stab: Sleeping          |     1 |       |     1 |       ||     2
 Armour: Animal skin       |    56 |    49 |    69 |    30 ||   204
         Troll leather arm |       |       |       |    51 ||    51
  Dodge: Dodged            |    55 |    67 |   188 |   118 ||   428
  Block: Other             |       |       |       |    40 ||    40
         Reflection        |       |       |       |     1 ||     1

Table legend: (Time is in decaauts)
 A = Elapsed time spent in this place.
 B = Non-inter-level travel time spent in this place.
 C = Inter-level travel time spent in this place.
 D = Time resting spent in this place.
 E = Time spent auto-exploring this place.
 F = Levels seen in this place.
 G = Mean time per level.
                   A        B        C        D        E       F      G
               +--------+--------+--------+--------+--------+-----+--------+
         Total |   8984 |   8671 |    313 |    640 |   6244 |  13 |  691.1 |
       Dungeon |   8757 |   8444 |    313 |    640 |   6135 |  12 |  729.8 |
         Sewer |    227 |    227 |      0 |      0 |    109 |   1 |  227.0 |
               +--------+--------+--------+--------+--------+-----+--------+

Top non-repeatable levels by time:
    D:10: 1202 daAuts
     D:9: 852 daAuts
     D:8: 834 daAuts
    D:11: 794 daAuts
     D:7: 793 daAuts
     D:4: 786 daAuts
     D:5: 723 daAuts
     D:3: 667 daAuts
     D:1: 662 daAuts
     D:6: 569 daAuts
     D:2: 524 daAuts
    D:12: 345 daAuts
   Sewer: 227 daAuts
